 Dungeon Crawl Stone Soup version 0.28-a0-1567-g1695149f81 (webtiles) character file.

Game seed: 1160362561054248643

703 southernslant the Skirmisher (level 7, -3/44 HPs)
             Began as a Gargoyle Gladiator on Jan 19, 2022.
             Shot with an arrow by a centaur (8 damage)
             ... on level 5 of the Dungeon.
             The game lasted 00:16:05 (5266 turns).

southernslant the Skirmisher (Gargoyle Gladiator)   Turns: 5266, Time: 00:16:05

Health: -3/44      AC: 14    Str: 19    XL:     7   Next: 66%
Magic:  8/8        EV: 11    Int:  9    God:
Gold:   205        SH:  0    Dex: 11    Spells: 6/8 levels left

rFire   . . .      SeeInvis .   m - +1 hand axe (vamp)
rCold   . . .      Faith    .   i - orb {light}
rNeg    + . .      Spirit   .   t - +1 ring mail {Will+}
rPois   ∞          Reflect  .   c - +0 helmet
rElec   +          Harm     .   (no cloak)
rCorr   .          Rampage  .   k - +0 pair of gloves
Will    +....      Archmagi +   (no boots)
Stlth   +.........              (no amulet)
HPRegen 0.14/turn               h - ring of wizardry
MPRegen 0.11/turn               v - ring of the Mage {Wiz Archmagi}

@: glowing
A: sickness immunity, AC +4, negative energy resistance 1, electricity
resistance, torment resistance 1, petrification resistance
a: no special abilities


You were on level 5 of the Dungeon.
You visited 1 branch of the dungeon, and saw 5 of its levels.

You collected 205 gold pieces.

Inventory:

Hand Weapons
 a - a +0 trident
 b - a +2 short sword of venom
 m - a +1 vampiric hand axe (weapon)
 A - a +3 dagger of electrocution
Missiles
 g - 92 stones
 l - 8 poisoned darts (quivered)
 o - 3 throwing nets
 x - 4 javelins
Armour
 c - a +0 helmet (worn)
 i - an orb of light (worn)
 k - a +0 pair of gloves (worn)
 t - a +1 ring mail of willpower (worn)
Jewellery
 h - a ring of wizardry (left hand)
 v - the ring of the Mage (right hand) {Wiz Archmagi}
   (You found it on level 4 of the Dungeon)

   [ring of wizardry]

   It improves your spell success rate.
   Archmagi:  It increases the power of your magical spells.
Wands
 w - a wand of flame (17)
Scrolls
 e - 3 scrolls of noise {unknown}
 f - 2 scrolls of immolation {unknown}
 j - a scroll of enchant armour {unknown}
 n - a scroll of magic mapping {unknown}
 p - a scroll of holy word {unknown}
 q - a scroll of brand weapon {unknown}
 s - 4 scrolls of enchant weapon {unknown}
 y - a scroll of amnesia {unknown}
Potions
 d - a potion of magic {unknown}
 r - a potion of attraction {unknown}
 u - a potion of invisibility {unknown}
 z - a potion of brilliance {unknown}


   Skills:
 * Level 4.9 Fighting
 * Level 0.5(2.3) Axes
 - Level 3.6(3.7) Polearms
 + Level 3.0 Throwing
 + Level 3.9 Armour
 * Level 3.7 Dodging
 + Level 1.7 Stealth
 * Level 0.8 Shields
 + Level 1.2 Spellcasting


You had 6 spell levels left.
You knew the following spells:

 Your Spells              Type           Power      Damage    Failure   Level
a - Summon Small Mammal   Summ           0%         N/A       16%         1
b - Foxfire               Conj/Fire      0%         2x1d4     16%         1

Your spell library contained the following spells:

 Spells                   Type           Power      Damage    Failure   Level
 Animate Skeleton         Necr           0%         N/A       16%         1
 Apportation              Tloc           0%         N/A       16%         1
 Conjure Flame            Conj/Fire      0%         6-21      41%         3
 Gell's Gravitas          Tloc           0%         N/A       41%         3
 Inner Flame              Hex/Fire       0%         N/A       41%         3
 Lesser Beckoning         Tloc           0%         N/A       41%         3
 Teleport Other           Tloc           0%         N/A       41%         3
 Flame Wave               Conj/Fire      0%         2d4       80%         4


Dungeon Overview and Level Annotations

Branches:
Dungeon (5/15)             Temple (0/1) D:4

Altars:
Dithmenos
Okawaru
Uskayaw

Shops:
D:1 =

Annotations:
D:3 1 runed translucent door, Crazy Yiuf


Innate Abilities, Weirdness & Mutations

You are immune to sickness and miasma.
Your stone body is resilient. (AC +4)
You are immune to poison.
You resist negative energy. (rN+)
You are resistant to electric shocks. (rElec)
You are resistant to unholy torment.
You are immune to petrification.


Message History

You hit the centaur but do no damage.
The centaur is lightly wounded.
The centaur barely misses you.
The centaur kicks you but does no damage.
An orc comes into view. It is wielding a +0 dagger.
The centaur hits you but does no damage.
The centaur kicks you but does no damage.
You hit the centaur.
The centaur is moderately wounded.
The centaur hits you. The centaur barely misses you. x2
The centaur kicks you but does no damage.
You hit the centaur.
The centaur is heavily wounded.
An orc wizard comes into view. It is wielding a +0 dagger.
The centaur hits you but does no damage.
The centaur kicks you but does no damage.
An orc priest comes into view.
It is wielding a +0 falchion of protection.
The orc priest shouts!
The orc wizard shouts!
You hit the centaur but do no damage.
The centaur is heavily wounded.
The centaur closely misses you.
The centaur kicks you but does no damage.
The centaur hits you but does no damage.
The centaur kicks you but does no damage.
The orc priest invokes the aid of Beogh against you.
Beogh smites you!
The centaur wields a +0 shortbow.
The centaur shoots an arrow.
The arrow hits you but does no damage.
The centaur shoots an arrow.
The arrow hits you!
The centaur shoots an arrow.
The arrow hits you.
The centaur shoots an arrow.
The arrow hits you but does no damage.
The centaur shoots an arrow.
The arrow closely misses you.
Found a stone staircase leading up.
The centaur shoots an arrow.
The arrow hits you!
* * * LOW HITPOINT WARNING * * *
The centaur shoots an arrow.
The arrow hits you.
* * * LOW HITPOINT WARNING * * *
The centaur shoots an arrow.
The arrow hits you but does no damage.
The centaur shoots an arrow.
The arrow hits you!
You die...

######## .......# .......#
## .......# .# .......##
..# ........# .<#
###.###.########## ...#
.##.# #..........##...#
..#.# #######...@...# ....#
#.###.### ....# ##.# #.#
)...# ###..###.#######
##### ####...##..........
.PPP#.............######. .
.PPP###.####....#.#####(..#
.÷PP# # #.####.c.o.o..(.
..≈♣# #)# #####oo#.##


You could see a centaur.

Vanquished Creatures
  Duvessa (D:4)
  A kobold brigand (D:5)
  A scorpion (D:5)
  Dowan (D:4)
  A hound (D:4)
  2 orc priests
  An iguana (D:4)
  4 orc wizards
  A hound skeleton (D:4)
  Robin (D:2)
  4 gnolls
  A howler monkey skeleton (D:4)
  2 adders
  A shadow imp (D:3)
  An ufetubus (D:5)
  A worm (D:2)
  A dart slug (D:2)
  7 orcs
  4 ball pythons
  5 endoplasms
  3 giant cockroaches
  17 hobgoblins
  3 jackals (D:4)
  11 kobolds
  3 quokkas
  6 bats
  10 frilled lizards
  8 goblins
  8 rats
110 creatures vanquished.

Vanquished Creatures (others)
  4 foxfires
  16 plants
20 creatures vanquished.

Grand Total: 130 creatures vanquished

Notes
Turn   | Place    | Note
-------+----------+-------------------------------------------
     0 | D:1      | southernslant the Gargoyle Gladiator began the quest for
                  | the Orb.
     0 | D:1      | Reached XP level 1. HP: 12/12 MP: 1/1
   391 | D:1      | Reached XP level 2. HP: 17/18 MP: 2/2
   531 | D:1      | Reached skill level 1 in Armour
   685 | D:1      | Reached XP level 3. HP: 18/22 MP: 3/3
   821 | D:1      | Found Keoroane's Jewellery Shop.
  1322 | D:2      | Reached skill level 3 in Fighting
  1460 | D:2      | Noticed Robin
  1482 | D:2      | Killed Robin
  1483 | D:2      | Reached XP level 4. HP: 22/28 MP: 4/4
  1987 | D:2      | Found a faded altar of an unknown god.
  2481 | D:3      | Found a runed translucent door.
  2482 | D:3      | Noticed Crazy Yiuf
  2525 | D:3      | Found a shadowy altar of Dithmenos.
  2770 | D:2      | Reached XP level 5. HP: 10/32 MP: 5/5
  3229 | D:3      | Reached skill level 4 in Fighting
  3492 | D:3      | Found an iron altar of Okawaru.
  3661 | D:4      | Found the ring of the Mage {Wiz Archmagi}
  3676 | D:4      | Reached XP level 6. HP: 30/38 MP: 6/6
  3678 | D:4      | Learned a level 1 spell: Summon Small Mammal
  3929 | D:4      | Noticed Duvessa
  3929 | D:4      | Noticed Dowan
  3944 | D:4      | Killed Duvessa
  3969 | D:4      | Killed Dowan
  3970 | D:4      | Reached skill level 1 in Stealth
  4217 | D:4      | Learned a level 1 spell: Foxfire
  4307 | D:4      | Reached XP level 7. HP: 44/44 MP: 8/8
  4319 | D:4      | Found a hide-covered altar of Uskayaw.
  4471 | D:4      | Found a staircase to the Ecumenical Temple.
  4581 | D:4      | Reached skill level 1 in Spellcasting
  4605 | D:4      | HP: 1/44 [orc priest/divine providence (14)]
  5131 | D:5      | Entered Level 5 of the Dungeon
  5266 | D:5      | Shot with an arrow by a centaur

Illustrated notes

Levels and vault maps discovered:
D:1:      nzn_arrival_settlement, layout_basic, serial_shops, shop,
          minmay_misc_feat_iff, serial_bayou_ford_a,
          chequers_serial_rivers_micro_e, st_stairs_13, minmay_lizard_king
D:2:      wander_river, layout_loops_corners, chequers_ecumenical_altar_grove,
          uniq_robin
D:3:      layout_loops_ring, mainiacjoe_overflow_six_doors_small,
          okawaru_altar_gauntlet_db, nicolae_concentric_dashed_squares_wild,
          uniq_crazy_yiuf_cottage
D:4:      layout_gridville, eat_drink_and_be_merry_uskayaw,
          minmay_temple_entry_steel_oval, uniq_duvessa
D:5:      layout_rooms, nicolae_overflow_hidden_temple,
          minmay_tree_intersection, lexackson_kobold_supper

Skill      XL: |  1  2  3  4  5  6  7 |
---------------+----------------------+-----
Armour         | 1 2 3 |  3.9
Fighting       | 3 4 |  4.9
Throwing       | 2 3 |  3.0
Polearms       | 3 |  3.6
Dodging        | 3 |  3.7
Stealth        | 1 |  1.7
Spellcasting   | 1 |  1.2
Axes           | |  0.5
Shields        | |  0.8

Action                   |  1- 3 |  4- 6 |  7- 9 || total
-------------------------+-------+-------+-------++-------
Melee: Trident           |   121 |   191 |    47 ||   359
       Punch             |       |     3 |       ||     3
       Hand axe          |       |       |    31 ||    31
Throw: Stone             |     1 |     8 |     4 ||    13
       Dart              |       |    18 |     6 ||    24
       Throwing net      |       |     3 |     2 ||     5
 Cast: Summon Small Mamm |       |     6 |     3 ||     9
       Foxfire           |       |       |     5 ||     5
  Use: Potion            |       |     2 |     2 ||     4
 Stab: Held in net/web   |       |     1 |     1 ||     2
Armor: Leather armour    |    46 |    22 |       ||    68
       Ring mail         |       |    42 |    55 ||    97
Dodge: Dodged            |    64 |   103 |    34 ||   201

Table legend: (Time is in decaauts)
 A = Elapsed time spent in this place.
 B = Non-inter-level travel time spent in this place.
 C = Inter-level travel time spent in this place.
 D = Time resting spent in this place.
 E = Time spent auto-exploring this place.
 F = Levels seen in this place.
 G = Mean time per level.
                   A        B        C        D        E       F      G
               +--------+--------+--------+--------+--------+-----+--------+
         Total |   5345 |   5237 |    108 |      0 |   4203 |   5 | 1069.0 |
       Dungeon |   5345 |   5237 |    108 |      0 |   4203 |   5 | 1069.0 |
               +--------+--------+--------+--------+--------+-----+--------+

Top non-repeatable levels by time:
     D:4: 1493 daAuts
     D:2: 1370 daAuts
     D:3: 1229 daAuts
     D:1: 1112 daAuts
     D:5: 140 daAuts
